 Dungeon Crawl Stone Soup version 0.25.1-2-g60ff931df9 (webtiles) character file.

Game seed: 13649023545307258913

4 snilloc10 the Caller (level 1, 0/7 HPs)
             Began as a Felid Summoner on Dec 8, 2020.
             Slain by a hobgoblin (3 damage)
             ... on level 1 of the Dungeon.
             The game lasted 00:01:20 (239 turns).

snilloc10 the Caller (Felid Summoner)                Turns: 239, Time: 00:01:20

Health: 0/7        AC:  1    Str:  4    XL:     1   Next: 50%
Magic:  4/4        EV: 18    Int: 16    God:
Gold:   7          SH:  0    Dex: 16    Spells: 3/4 levels left
                                        Lives:  0   Deaths: 0

rFire    . . .     SeeInvis +   (weapon unavailable)
rCold    . . .     Gourm    .   (shield unavailable)
rNeg     . . .     Faith    .   (armour unavailable)
rPois    .         Spirit   .   (helmet unavailable)
rElec    .         Reflect  .   (cloak unavailable)
rCorr    .         Harm     .   (gloves unavailable)
MR       .....                  (boots unavailable)
Stlth    +++.......             (no amulet)
HPRegen  0.02/turn              (no ring)
MPRegen  0.09/turn              (no ring)

@: quick
A: very small, no armour, no weapons or thrown items, stealth, claws 1, fangs 3,
see invisible, carnivore, speed 1, shaggy fur 1, slow metabolism 1, sharp paws
a: no special abilities


You were on level 1 of the Dungeon.
You were very full.

You visited 1 branch of the dungeon, and saw 1 of its levels.

You collected 7 gold pieces.

Inventory:

Scrolls
 a - a scroll of teleportation {unknown}
 e - a scroll of identify {unknown}
Potions
 c - a potion of stabbing {unknown}
 d - a potion of curing {unknown}
Comestibles
 b - a ration


   Skills:
 + Level 2.6 Dodging
 - Level 2.6 Stealth
 - Level 0.4 Unarmed Combat
 - Level 2.0 Spellcasting
 - Level 4.1 Summonings


You had 3 spell levels left.
You knew the following spells:

 Your Spells              Type           Power        Failure   Level  Hunger
a - Summon Small Mammal   Summ           ##..         3%          1    #......

Your spell library contained the following spells:

 Spells                   Type           Power        Failure   Level  Hunger
 Call Imp                 Summ           ##......     6%          2    ###....
 Call Canine Familiar     Summ           ##......     12%         3    ###....
 Summon Guardian Golem    Hex/Summ       #.......     26%         3    ###....
 Summon Ice Beast         Ice/Summ       #.......     65%         4    #####..
 Summon Lightning Spire   Summ/Air       #.......     65%         4    #####..


Dungeon Overview and Level Annotations

Branches:
Dungeon (1/15)

Altars:


Innate Abilities, Weirdness & Mutations

You cannot wear armour.
You are incapable of wielding weapons or throwing items.
Your paws allow you to move quietly. (Stealth)
You have sharp claws.
You have razor-sharp teeth.
You have supernaturally acute eyesight. (SInv)
You are carnivorous and can eat meat at any time.
You cover ground quickly.
You are covered in fur. (AC +1)
You have a slow metabolism.
Your sharp claws are effective at attacking unaware monsters.


Message History

This raw flesh tastes great.
Eating a chunk of flesh.
You eat the chunk of flesh.
This raw flesh tastes great.
e - a scroll labeled YGITISK TAOSO A hobgoblin comes into view.
The hobgoblin shouts!
You closely miss the hobgoblin. The hobgoblin completely misses you.
You barely miss the hobgoblin. Your bite misses the hobgoblin.
The hobgoblin hits you.
Ouch! That really hurt!
You are too injured to fight recklessly!
You are too injured to fight recklessly!
You are too injured to fight recklessly!
You are too injured to fight recklessly!
You are too injured to fight recklessly!
You are too injured to fight recklessly!
You scratch the hobgoblin.
The hobgoblin is lightly wounded.
The hobgoblin hits you.
You die...

#.# ... #.# #.#
##.# ..# #g# #@#
##.## #.^.#####
#.#.....#
#...###.#
###.###.#
####......#####
+...............
####...#########


You could see a hobgoblin.

Vanquished Creatures
  A bat (D:1)
  A hobgoblin (D:1)
  A ball python (D:1)
  A rat (D:1)
4 creatures vanquished.

Notes
Turn   | Place    | Note
-------+----------+-------------------------------------------
     0 | D:1      | snilloc10 the Felid Summoner began the quest for the Orb.
     0 | D:1      | Reached XP level 1. HP: 7/7 MP: 4/4
   239 | D:1      | Slain by a hobgoblin

Illustrated notes

Levels and vault maps discovered:
D:1:      dpeg_arrival_water_temple_mockup, layout_loops_corners

Action                   || total
-------------------------++-------
Melee: Unarmed           ||    21
       Bite              ||     2
 Stab: Sleeping          ||     3
  Eat: Chunk             ||     5
Armor: Skin              ||     5
Dodge: Dodged            ||    23
